Map: King Sejong Station LE

Players

IMBALISK

  • Race: Zerg Zerg

A.I. 1 (Very Easy) - Winner!

  • Race: Protoss Protoss

VOD

Have the link to the VOD?

Description

Time

  • Played on: July 26, 2016, 11:17 a.m.
  • Length: 6:25
Show
View Real Time Build Order
Export as new Build Order

IMBALISK Zerg 

Build Orders: Hatch First, Lurkers 

Get SALT Encoding   

  12  0:01  Drone  
  13  0:12  Overlord  
  13  0:17  Drone  
  14  0:30  Drone x2  
  14  0:34  Drone  
  17  0:52  Hatchery  
  17  0:55  Drone  
  17  0:58  Drone  
  17  1:02  Extractor  
  17  1:14  Spawning Pool  
  17  1:16  Drone  
  17  1:20  Drone  
  18  1:28  Drone  
  19  1:38  Overlord  
  19  1:50  Drone  
  20  2:00  Queen  
  22  2:01  Zergling x2  
  22  2:04  Metabolic Boost, Queen  
  25  2:09  Drone  
  25  2:12  Drone  
  27  2:16  Drone  
  27  2:22  Drone  
  29  2:25  Drone  
  30  2:32  Overlord  
  30  2:36  Drone  
  31  2:42  Queen  
  33  2:44  Extractor  
  33  2:48  Lair  
  33  2:50  Drone  
  33  2:53  Drone  
  33  2:55  Drone  
  33  2:58  Drone  
  36  3:06  Drone  
  36  3:08  Drone  
  36  3:09  Drone x2  
  36  3:10  Drone  
  41  3:15  Overlord  
  41  3:18  Drone  
  42  3:24  Queen  
  44  3:29  Extractor  
  44  3:30  Drone  
  44  3:35  Drone x3  
  44  3:38  Overlord  
  47  3:44  Drone x2  
  47  3:46  Drone  
  50  3:52  Hydralisk Den  
  50  3:54  Zergling x2  
  50  3:55  Zergling x4  
  52  4:04  Overlord x2  
  52  4:10  Drone  
  52  4:15  Queen  
  52  4:16  Queen  
  55  4:18  Overlord  
  55  4:20  Overlord  
  57  4:25  Lurker Den  
  57  4:41  Hydralisk  
  57  4:42  Hydralisk x4  
  57  4:45  Hydralisk  
  69  5:03  Zergling x12  
  75  5:09  Zergling x2  
  75  5:12  Overlord  
  76  5:25  Queen  
  76  5:26  Queen  
  76  5:27  Overlord  
  80  5:33  Hydralisk x3  
  86  5:37  Zergling x6  
  89  5:52  Lurker  
  89  5:53  Lurker x4  
  89  5:55  Lurker  
  95  5:59  Zergling x16  
  95  6:03  Overlord  
Show
View Real Time Build Order
Export as new Build Order

A.I. 1 (Very Easy) Protoss - Winner!

Build Orders:  

Get SALT Encoding   

  12  0:01  Probe (Chrono Boost)  
  13  0:11  Probe (Chrono Boost)  
  14  0:19  Pylon  
  14  0:36  Assimilator  
  14  0:42  Gateway  
  14  0:45  Pylon  
  14  1:12  Assimilator  
  14  1:25  Probe (Chrono Boost)  
  15  1:29  Zealot  
  15  1:31  Cybernetics Core  
  17  1:36  Probe (Chrono Boost)  
  19  1:47  Probe (Chrono Boost)  
  19  1:58  Probe (Chrono Boost), Warp Gate  
  20  2:09  Probe (Chrono Boost)  
  21  2:21  Probe (Chrono Boost)  
  22  2:34  Stalker  
  24  4:20  Probe (Chrono Boost)  
Tags
 
Add a new tag
Caveats
  • Supply blocks, unpowered buildings, or Contaminate may cause inaccurate times.
  • Supply counts are checked every 10 seconds.